 Dungeon Crawl Stone Soup version 0.31.0-12-g77e489cdc1 (webtiles) character file.

Game seed: 15114139666327866358

41 Ekaitz the Firebug (level 3, -1/25 HPs)
             Began as a Demonspawn Fire Elementalist on Feb 11, 2024.
             Succumbed to an adder's poison
             ... on level 2 of the Dungeon.
             The game lasted 00:03:56 (1212 turns).

Ekaitz the Firebug (Demonspawn Fire Elementalist)   Turns: 1212, Time: 00:03:56

Health: -1/25      AC:  2    Str: 10    XL:     3   Next: 32%
Magic:  4/6        EV: 12    Int: 15    God:
Gold:   95         SH:  0    Dex: 13    Spells: 0/6 levels left

rFire   . . .        n - +1 trident (protect)
rCold   . . .        (no shield)
rNeg    . . .        a - +0 robe
rPois   .            (no helmet)
rElec   .            (no cloak)
rCorr   .            (no gloves)
SInv    .            (no boots)
Will    .....        (no amulet)
Stlth   ++           (no ring)
HPRegen 0.24/turn    (no ring)
MPRegen 0.10/turn

%: no passive effects
@: lethally poisoned (-1 -> -11), very slightly contaminated
A: claws 2
a: no special abilities


You were on level 2 of the Dungeon.
You visited 1 branch of the dungeon, and saw 2 of its levels.

You collected 95 gold pieces.

Inventory:

Hand Weapons
 e - a +0 hand axe
 n - a +1 trident of protection (weapon)
 p - a +2 dagger of venom
Missiles
 i - 5 poisoned darts
Armour
 a - a +0 robe (worn)
Jewellery
 f - a ring of ice
Scrolls
 h - 4 scrolls of identify {unknown}
 m - a scroll of teleportation {unknown}
 o - a scroll of amnesia {unknown}
Potions
 b - 3 potions of magic
 c - a potion of invisibility {unknown}
 d - a potion of lignification {unknown}
 j - a potion of heal wounds {unknown}
 k - a potion of curing {unknown}
 l - a potion of mutation {unknown}


   Skills:
 * Level 0.7 Fighting
 * Level 2.0 Dodging
 + Level 1.8 Stealth
 + Level 2.4 Spellcasting
 * Level 1.2 Conjurations
 * Level 3.3 Fire Magic


You couldn't memorise any spells.
You knew the following spells:

 Your Spells              Type           Power      Damage    Failure   Level
a - Foxfire               Conj/Fire      32%        2x1d5     9%          1
b - Scorch                Fire           22%        2d5       9%          2
c - Volatile Blastmotes   Fire/Tloc      12%        2d11      32%         3

Your spell library contained the following spells:

 Spells                   Type           Power      Damage    Failure   Level
 Inner Flame              Hex/Fire       6%         N/A       32%         3
 Flame Wave               Conj/Fire      8%         2d5       63%         4


Dungeon Overview and Level Annotations

Branches:
Dungeon (2/15)

Altars:


Innate Abilities, Weirdness & Mutations

You have very sharp fingernails.


Message History

You are poisoned.
The adder poisons you!
You hit the adder.
The adder is poisoned.
The adder is moderately wounded.
You feel sick. The adder bites you.
You are more poisoned.
The adder poisons you!
You barely miss the adder.
The adder is heavily wounded.
You feel sick. The adder closely misses you. x2
You closely miss the adder.
The adder is heavily wounded.
You feel sick. The adder barely misses you.
Your +2 dagger of venom stops dripping with poison.
Your +1 trident of protection hums with potential!
n - a +1 trident of protection (weapon)
The adder bites you.
You are more poisoned.
The adder poisons you!
You closely miss the adder.
The adder is heavily wounded.
You feel very sick. The adder barely misses you.
You miss the adder.
The adder is severely wounded.
You feel sick. The adder barely misses you.
The adder bites you but does no damage.
You closely miss the adder.
The adder is severely wounded.
You feel sick. The adder bites you.
* * * LOW HITPOINT WARNING * * *
You are more poisoned.
The adder poisons you! The adder bites you.
* * * LOW HITPOINT WARNING * * *
Casting: Foxfire (safe; 9% risk of failure)
Confirm with . or Enter, or press ? or * to list all spells.
You miscast Scorch.
You are very lightly contaminated with residual magic.
Nothing appears to happen.
You die...

..### #...# #.......#
###
#...########.##########
#........##...........#
##.#####.###.########.#
#.#####.# ### #.#
#....##.# #..
##.##.##.# ###
#......#.#
#....S@..#####
.#.###............#
.........#..#..##.#
#.###......#).##.#
##..###.#.....#
#.......#.###.#
#.............#
#.....#######.# #.....#


You could see an adder (poisoned).

Vanquished Creatures
  2 adders (D:2)
  2 giant cockroaches
  6 goblins
  A hobgoblin (D:2)
  A quokka (D:1)
  3 ball pythons (D:1)
  2 bats
  A frilled lizard (D:2)
  3 kobolds
  3 rats
24 creatures vanquished.

Vanquished Creatures (others)
  73 foxfires
73 creatures vanquished.

Grand Total: 97 creatures vanquished

Notes
Turn   | Place    | Note
-------+----------+-------------------------------------------
     0 | D:1      | Ekaitz the Demonspawn Fire Elementalist began the quest for
                  | the Orb.
     0 | D:1      | Reached XP level 1. HP: 13/13 MP: 3/3
    43 | D:1      | Found a faded altar of an unknown god.
   266 | D:1      | Reached skill level 3 in Fire Magic
   309 | D:1      | Gained mutation: You have sharp fingernails. [demonic
                  | ancestry]
   309 | D:1      | Reached XP level 2. HP: 15/19 MP: 0/5
   480 | D:1      | Learned a level 2 spell: Scorch
   786 | D:2      | Noticed a scorpion
   981 | D:2      | Gained mutation: You have very sharp fingernails. [demonic
                  | ancestry]
   981 | D:2      | Reached XP level 3. HP: 9/25 MP: 0/6
   985 | D:2      | Learned a level 3 spell: Volatile Blastmotes
  1211 | D:2      | HP: 1/25 [adder (1)]
  1212 | D:2      | Succumbed to an adder's poison

Illustrated notes

Levels and vault maps discovered:
D:1:      dpeg_arrival_rooms_a, layout_rooms,
          shapermc_ecumenical_altar_totnotflames, minmay_pentomino_t4
D:2:      layout_loops_cross, lightli_corner_chamber, uniq_natasha

Skill      XL: |  1  2 |
---------------+-------+-----
Fire Magic     | 3 |  3.3
Dodging        | 2 |  2.0
Fighting       | |  0.7
Stealth        | |  1.8
Spellcasting   | |  2.4
Conjurations   | |  1.2

Action                     || total
---------------------------++-------
  Melee: Hand axe          ||    11
         Trident           ||     6
         Dagger            ||     4
   Cast: Foxfire           ||    40
         Scorch            ||     1
 Armour: Robe              ||    42
  Dodge: Dodged            ||    44
